 Dungeon Crawl Stone Soup version 0.30-a0-1123-gabc949cf19 (webtiles) character file.

Game seed: 18290287020028038380

47 Red5 the Chopper (level 3, -1/10 (30) HPs)
             Began as a Hill Orc Reaver on Apr 22, 2023.
             Slain by an ufetubus (3 damage)
             ... on level 3 of the Dungeon.
             The game lasted 00:23:09 (1110 turns).

Red5 the Chopper (Hill Orc Reaver)                  Turns: 1110, Time: 00:23:09

HP:   -1/10 (30)    AC:  7    Str: 16    XL:     3   Next: 70%
MP:   4/5           EV: 10    Int: 13    God:
Gold: 52            SH:  0    Dex:  9    Spells: 1/5 levels left

rFire   . . .        a - +0 hand axe
rCold   . . .        (no shield)
rNeg    . . .        g - +0 ring mail
rPois   .            e - +0 helmet
rElec   .            (no cloak)
rCorr   .            (no gloves)
SInv    .            h - +0 pair of boots
Will    .....        (no amulet) Stlth
                     (no ring)
HPRegen 0.21/turn    (no ring)
MPRegen 0.09/turn

%: no passive effects
@: extremely drained
A: no striking features
a: no special abilities


You were on level 3 of the Dungeon.
You visited 1 branch of the dungeon, and saw 3 of its levels.

You collected 52 gold pieces.

Inventory:

Hand Weapons
 a - a +0 hand axe (weapon)
 d - a +0 short sword
Armour
 b - a +0 leather armour
 c - a +0 robe
 e - a +0 helmet (worn)
 f - a +0 robe
 g - a +0 ring mail (worn)
 h - a +0 pair of boots (worn)
Magical Staves
 k - a staff of fire
Scrolls
 i - a scroll of teleportation
Potions
 j - a potion of brilliance


   Skills:
 * Level 2.6 Fighting
 * Level 5.0 Axes
 + Level 0.5 Armour
 + Level 1.7 Dodging
 + Level 1.6 Spellcasting
 * Level 3.5 Conjurations


You had one spell level left.
You knew the following spells:

 Your Spells              Type           Power      Damage    Failure   Level
a - Kiss of Death         Conj/Necr      20%        2d7       24%         1
b - Slow                  Hex            4%         N/A       45%         1
c - Momentum Strike       Conj/Tloc      10%        3d8       36%         2

Your spell library contained the following spells:

 Spells                   Type           Power      Damage    Failure   Level
 Hailstorm                Conj/Ice       5%         3d4       58%         3
 Confusing Touch          Hex            1%         N/A       83%         3
 Ozocubu's Armour         Ice            1%         N/A       83%         3
 Vampiric Draining        Necr           1%         2d6       83%         3
 Ozocubu's Refrigeration  Ice            0%         4d7       100%        7


Dungeon Overview and Level Annotations

Branches:
Dungeon (3/15)

Altars:


Message History

Press: ? - help, v - describe, . - travel The floor.
You completely miss the ufetubus.
The ufetubus hits you but does no damage.
The ufetubus closely misses you.
You completely miss the ufetubus. The ufetubus barely misses you.
The ufetubus hits you but does no damage.
The ufetubus hits you. x2
You closely miss the ufetubus. The ufetubus closely misses you. x2
You miss the ufetubus. The ufetubus barely misses you. The ufetubus misses you.
The ufetubus barely misses you. x2
You miss the ufetubus. The ufetubus hits you. x2
You miss the ufetubus.
The ufetubus hits you but does no damage.
The ufetubus closely misses you. The ufetubus hits you.
* * * LOW HITPOINT WARNING * * *
The ufetubus hits you but does no damage.
The ufetubus attacks as you move away! The ufetubus barely misses you.
The ufetubus hits you but does no damage.
The ufetubus barely misses you. The ufetubus closely misses you.
The ufetubus attacks as you move away!
The ufetubus hits you but does no damage. x2
The ufetubus barely misses you. x2
The ufetubus barely misses you. The ufetubus hits you.
* * * LOW HITPOINT WARNING * * *
The ufetubus attacks as you move away!
The ufetubus hits you but does no damage. x2
The ufetubus barely misses you. The ufetubus completely misses you.
Casting: Kiss of Death (safe; 24% risk of failure)
Confirm with . or Enter, or press ? or * to list all spells.
Aiming: Kiss of Death (safe; 24% risk of failure)
Press: ? - help, Shift-Dir - straight line, f/p - ufetubus
Aim: an ufetubus (100% to hit)
The negative energy hits the ufetubus.
The ufetubus completely resists.
You feel drained. The ufetubus hits you.
* * * LOW HITPOINT WARNING * * *
The ufetubus completely misses you.
The ufetubus hits you but does no damage. x2
The ufetubus hits you.
You die...

###.# #.... .# .#
#.#.# .# .. #.#.# .#
.# ###.#.##.# .#
#...<....# ..
##########.#......##.#
#.......##.###.#.##...
#.@5..............#
#.##.##.##.##.###..
... #.##.......# .#
#.### #.#####.#### 5#
# #.# #.# .. ..# ...
## ### #.# #.#


You could see an ufetubus.

Vanquished Creatures
  3 dart slugs (D:1)
  4 endoplasms
  A giant cockroach (D:2)
  A goblin (D:2)
  7 hobgoblins
  6 jackals (D:1)
  4 ball pythons
  3 bats
  3 frilled lizards
  4 kobolds
  2 rats (D:1)
38 creatures vanquished.

Notes
Turn   | Place    | Note
-------+----------+-------------------------------------------
     0 | D:1      | Red5 the Hill Orc Reaver began the quest for the Orb.
     0 | D:1      | Reached XP level 1. HP: 18/18 MP: 3/3
   100 | D:1      | Learned a level 1 spell: Slow
   268 | D:1      | Reached XP level 2. HP: 17/21 MP: 4/4
   472 | D:1      | Reached XP level 3. HP: 21/22 MP: 5/5
   754 | D:1      | Learned a level 2 spell: Momentum Strike
   947 | D:2      | Reached skill level 5 in Axes
  1110 | D:3      | Slain by an ufetubus

Illustrated notes

Levels and vault maps discovered:
D:1:      evilmike_arrival_fibonacci_small, layout_rooms
D:2:      layout_rooms, grunt_decor_fettered, minmay_pentomino_p2
D:3:      layout_loops_cross

Skill      XL: |  1  2  3 |
---------------+----------+-----
Axes           | 5 |  5.0
Fighting       | |  2.6
Armour         | |  0.5
Dodging        | |  1.7
Spellcasting   | |  1.6
Conjurations   | |  3.5

Action                     || total
---------------------------++-------
  Melee: Hand axe          ||   119
         Punch             ||     2
   Cast: Kiss of Death     ||     6
    Use: Potion            ||     3
         Scroll            ||     1
   Stab: Invisible         ||     2
 Armour: Leather armour    ||    15
         Ring mail         ||    47
  Dodge: Dodged            ||    85

Table legend: (Time is in decaauts)
 A = Elapsed time spent in this place.
 B = Non-inter-level travel time spent in this place.
 C = Inter-level travel time spent in this place.
 D = Time resting spent in this place.
 E = Time spent auto-exploring this place.
 F = Levels seen in this place.
 G = Mean time per level.
                   A        B        C        D        E       F      G
               +--------+--------+--------+--------+--------+-----+--------+
         Total |   1117 |   1117 |      0 |    217 |     17 |   3 |  372.3 |
       Dungeon |   1117 |   1117 |      0 |    217 |     17 |   3 |  372.3 |
               +--------+--------+--------+--------+--------+-----+--------+

Top non-repeatable levels by time:
     D:1: 886 daAuts
     D:2: 195 daAuts
     D:3: 36 daAuts
